 Dungeon Crawl Stone Soup version 0.29-a0-459-g97dee8cd24 (webtiles) character file.

Game seed: 398205262158593096

58 ptdevnull the Cudgeller (level 4, -3/28 HPs)
             Began as a Tengu Berserker on May 21, 2022.
             Was a Follower of Trog.
             Killed from afar by an orc wizard (8 damage)
             ... with a puff of flame
             ... on level 4 of the Dungeon.
             The game lasted 00:04:30 (2669 turns).

ptdevnull the Cudgeller (Tengu Berserker)           Turns: 2669, Time: 00:04:30

Health: -3/28      AC: 11    Str: 18 (20) XL:     4   Next: 1%
Magic:  5/5        EV:  6    Int:  4 (7)  God:    Trog [*.....]
Gold:   164        SH:  0    Dex: 12 (13) Spells: 3/3 levels left

rFire   . . .      SeeInvis .   j - +2 lajatang (venom)
rCold   . . .      Faith    .   (shield currently unavailable)
rNeg    . . .      Spirit   .   i - +0 plate armour
rPois   .          Reflect  .   (helmet restricted)
rElec   .          Harm     .   (no cloak)
rCorr   .          Rampage  .   (no gloves)
Will    .....                   (boots unavailable)
Stlth   ..........              (no amulet)
HPRegen 0.09/turn               (no ring)
MPRegen 0.09/turn               (no ring)

@: confused, brilliant
A: beak, talons 3
a: Renounce Religion, Berserk


You were on level 4 of the Dungeon.
You worshipped Trog.
Trog was aware of your devotion.
You visited 1 branch of the dungeon, and saw 4 of its levels.

You collected 164 gold pieces.

Inventory:

Hand Weapons
 a - a +0 mace
 d - a +0 rapier of speed
 j - a +2 lajatang of venom (weapon)
Armour
 b - a +0 animal skin
 i - a +0 plate armour (worn)
Scrolls
 e - a scroll of fear
 g - a scroll of teleportation
 k - a scroll of amnesia {unknown}
 l - a scroll of enchant weapon {unknown}
 p - a scroll of blinking {unknown}
 q - a scroll of enchant armour {unknown}
 r - a scroll of immolation {unknown}
 t - a scroll of vulnerability {unknown}
Potions
 c - 3 potions of mutation
 m - 3 potions of curing
 n - a potion of might {unknown}
 o - a potion of haste {unknown}


   Skills:
 - Level 3.2 Fighting
 - Level 4.5 Maces & Flails
 + Level 0.4(2.8) Staves
 - Level 2.5 Armour
 - Level 2.6 Dodging


You had 3 spell levels left.
You didn't know any spells.
Your spell library was empty.

Dungeon Overview and Level Annotations

Branches:
Dungeon (4/15)
 Temple: D:4-7

Altars:

Shops:
D:3 *


Innate Abilities, Weirdness & Mutations

You have a beak for a mouth.
You have claws for feet.


Message History

An orc comes into view. It is wielding a +0 war axe.
Found 3 scrolls labelled FUOPLOSKIE.
The orc shouts!
You hear a shout!
A hobgoblin comes into view.
An orc comes into view. It is wielding a +0 mace.
You barely miss the orc. You claw the orc, but do no damage.
You peck the orc, but do no damage. The orc hits you with a +0 war axe. x2
You barely miss the orc. You claw the orc. You peck the orc, but do no damage.
The orc is lightly wounded.
The orc barely misses you.
You barely miss the orc.
The orc is lightly wounded.
The orc barely misses you.
You hit the orc but do no damage.
The orc is poisoned.
You claw the orc.
You kill the orc!
Trog accepts your kill.
You have reached level 4!
You feel stronger.
You start resting.
An orc wizard comes into view. It is wielding a +0 dagger.
An orc comes into view. It is wielding a +0 club.
The orc shouts!
The orc wizard shouts!
You hear an angry hiss.
The orc wizard casts a spell at you. The puff of flame hits you!
Ouch! That really hurt!
* * * LOW HITPOINT WARNING * * *
Things that are here:
a +0 war axe; a +0 chain mail
Okay, then.
The orc wizard casts a spell at you.
You are confused.
You completely miss the orc. The orc hits you but does no damage.
It was a potion of degeneration.
There was something very wrong with that liquid.
You feel weakened.
You feel dopey.
You feel clumsy.
It was a potion of brilliance.
You feel clever all of a sudden.
The orc wizard gestures at you while chanting.
The puff of flame hits you!
You die...

####.........#.****,,,****,,*
#.........#.## **,,,,,,,,,
#............#***,,,,,,,,,
###.#..####...,,,,,,,,,,,*
#.##..# ***,,***,,,,,***
#.....# **,* *,g,,,***
#####.## *,***.o,,,,,, #..##
*,,,o:.,,,*,, #.o@#
*##...#*,,**, #...#
*#....***,,,,,
###.o###..#..##**,,,,
#..............,,,,**
#.............#**,***
***#..............**,,,,
*****.................,,>,,,
*,,,..##..............,,,,**
*,,,.**#.#:...........,,,***


You could see an orc wizard and an orc.

Vanquished Creatures
  2 adders
  A worm (D:3)
  An orc (D:4)
  3 endoplasms
  A giant cockroach (D:1)
  5 goblins
  7 hobgoblins
  2 jackals (D:1)
  3 quokkas (D:1)
  2 ball pythons
  2 frilled lizards (D:1)
  3 kobolds
32 creatures vanquished.

Notes
Turn   | Place    | Note
-------+----------+-------------------------------------------
     0 | D:1      | ptdevnull the Tengu Berserker began the quest for the Orb.
     0 | D:1      | Reached XP level 1. HP: 14/14 MP: 2/2
    10 | D:1      | You fall into a shaft and drop 1 floor!
    42 | D:1      | Reached XP level 2. HP: 11/19 MP: 3/3
  1180 | D:2      | Reached XP level 3. HP: 23/23 MP: 4/4
  1194 | D:2      | Reached skill level 4 in Maces & Flails
  2255 | D:3      | Found a faded altar of an unknown god.
  2429 | D:3      | Found Jagh's General Store.
  2591 | D:4      | Identified a scroll of acquirement
  2591 | D:4      | Acquired a +2 lajatang of venom
  2637 | D:4      | Reached XP level 4. HP: 17/28 MP: 5/5
  2669 | D:4      | Killed from afar by an orc wizard

Illustrated notes

Levels and vault maps discovered:
D:1:      heliophobic_arrival_henge, layout_loops_ring
D:2:      layout_basic, minmay_misc_feat_iff
D:3:      wad_lake_hut, layout_loops_corners,
          shapermc_ecumenical_altar_mp_ritualfount, serial_shops, shop,
          chequers_serial_rivers_large_a, kennysheep_generic_room_3
D:4:      layout_rooms, uniq_pikel, uniq_natasha

Skill      XL: |  1  2  3 |
---------------+----------+-----
Maces & Flails | 4 |  4.5
Fighting       | |  3.2
Staves         | |  0.4
Armour         | |  2.5
Dodging        | |  2.6

Action                   |  1- 3 |  4- 6 || total
-------------------------+-------+-------++-------
Melee: Mace              |    64 |       ||    64
       Kick              |    16 |       ||    16
       Peck              |    10 |       ||    10
       Punch             |     1 |       ||     1
       Lajatang          |     5 |     1 ||     6
  Use: Scroll            |     6 |       ||     6
       Potion            |       |     2 ||     2
Armor: Animal skin       |     5 |       ||     5
       Plate armour      |    10 |     1 ||    11
Dodge: Dodged            |    37 |       ||    37

Table legend: (Time is in decaauts)
 A = Elapsed time spent in this place.
 B = Non-inter-level travel time spent in this place.
 C = Inter-level travel time spent in this place.
 D = Time resting spent in this place.
 E = Time spent auto-exploring this place.
 F = Levels seen in this place.
 G = Mean time per level.
                   A        B        C        D        E       F      G
               +--------+--------+--------+--------+--------+-----+--------+
         Total |   2705 |   2617 |     88 |    257 |   2054 |   4 |  676.2 |
       Dungeon |   2705 |   2617 |     88 |    257 |   2054 |   4 |  676.2 |
               +--------+--------+--------+--------+--------+-----+--------+

Top non-repeatable levels by time:
     D:1: 979 daAuts
     D:3: 891 daAuts
     D:2: 750 daAuts
     D:4: 84 daAuts
